Unix NetHack Version 5.0.0-0 post-release - last build Jun 10 2026 00:39:30 (3ee93aec679c4c4259841fe613dc97188e26a321,branch:main).

Game began 2026-06-15 22:42:08, ended 2026-06-15 22:50:17.

Anarchos, lawful female dwarven Valkyrie

                                        --------
                                        |...>..|
                                        .......|
                                        |.......##
              ----------------          ------.- #      ----------------
              +..............|                #  #######|..............|
              |..............-#               #        #|.....S@S.<....|
              |..............|#               #        #......S{S......|
              |..........p..<|#               #         ----------------
              ----------------###         #####
                                #        #
                                ###     ##
                                  #    -|-------
                                  #    |.......|
                                 ###   ........|
                                  #    |.......|
                                  #####........|
                                       ---------

Anarchos the Stripling      St:15 Dx:13 Co:20 In:8 Wi:8 Ch:12  Lawful
Dlvl:6  $:38 HP:0(25) Pw:4(4) AC:5  Xp:2 T:1389 

Latest messages:
 You hear someone cursing shoplifters.
 You already found a monster.  Use 'm' prefix to force another search.
 You already found a monster.  Use 'm' prefix to force another search.
 You already found a monster.  Use 'm' prefix to force another search.
 You already found a monster.  Use 'm' prefix to force another search.
 You miss the coyote.
 The coyote bites!
 You kill the coyote!
 w - a coyote corpse.
 What do you want to eat? [inw or ?*] w
 This coyote corpse is fatty.
 You finish eating the coyote corpse.
 What do you want to drink? [l or ?*] <esc>
 Never mind.
 What do you want to eat? [in or ?*] w
 You don't have that object.
 What do you want to eat? [in or ?*] <esc>
 Never mind.
 The coyote bites!
 You miss the coyote.
 The coyote bites!
 You miss the coyote.
 The coyote bites!
 You kill the coyote!
 You swap places with your kitten.
 A trap door opens up under you!
 You fall down a deep shaft!
 You climb up the stairs.
 x - a tin.
 y - an agate ring.
 You descend the stairs.
 $ - 19 gold pieces (38 in total).
 You hear crashing rock.
 What do you want to dip? [a-chilnouvxy or ?*] <del>
 You don't have that object.
 What do you want to dip? [a-chilnouvxy or ?*] o
 Dip a cursed opal ring into the fountain? [yn] (n) y
 You feel a sudden chill.
 Dip a cursed opal ring into the fountain? y
 An endless stream of snakes pours forth!
 The water moccasin bites!
 The water moccasin bites!
 The water moccasin's bite was poisoned!
 The water moccasin bites!
 The water moccasin bites!
 The water moccasin bites!
 You die...
 Do you want your possessions identified? [ynq] (y) y
 Do you want to see your attributes? [ynq] (y) y
 Do you want an account of creatures vanquished? [ynaq] (y) q

Inventory:
 Coins    ('$')
  $ - 38 gold pieces
 Weapons  (')')
  b - a +0 dagger (alternate weapon; not wielded)
  a - a +4 dwarvish spear (weapon in right hand)
 Armor    ('[')
  h - an uncursed +0 pair of water walking boots (being worn)
  c - a blessed thoroughly burnt +4 small shield (being worn)
 Comestibles  ('%')
  n - 2 uncursed cream pies
  x - an uncursed tin of boiled pony meat
  i - an uncursed lichen corpse
 Spellbooks  ('+')
  u - an uncursed novel named Mort
  v - an uncursed spellbook of detect monsters
 Potions  ('!')
  l - a potion of unholy water
 Rings    ('=')
  o - a cursed ring of aggravate monster
  y - an uncursed ring of protection from shape changers

Anarchos the Valkyrie's attributes:

Background:
 You were a Stripling, a level 2 dwarven Valkyrie.
 You were lawful, on a mission for Tyr
 who was opposed by Odin (neutral) and Loki (chaotic).
 You were right-handed.
 You were in the Dungeons of Doom, on level 6.
 You entered the dungeon 1389 turns ago.
 It was nighttime.
 There was a new moon in effect when your adventure ended.
 You had 28 experience points, 12 more were needed to attain level 3.

Basics:
 You had 0 out of 25 hit points.
 You had all 4 energy points (spell power).
 Your armor class was 5.
 Your wallet contained 38 zorkmids.
 Autopickup was on for all types.

Final Characteristics:
 Your strength was 15 (limit:18/100).
 Your dexterity was 13 (limit:20).
 Your constitution was 20 (limit:20).
 Your intelligence was 8 (limit:16).
 Your wisdom was 8 (limit:16).
 Your charisma was 12 (limit:16).

Final Status:
 You weren't hungry.
 You were unencumbered.
 You were wielding a spear.
 You had basic skill with spear.

Final Attributes:
 You were devoutly aligned.
 You were cold resistant.
 You had infravision.
 You could walk on water.
 Tyr was angry with you.
 You are dead.

Miscellaneous:
 You didn't encounter any bones levels.
 Total elapsed playing time was 8 minutes and 8 seconds.

Major events:
 Turn
    1: Anarchos the lawful dwarven Valkyrie entered the dungeon
 1309: entered Sokoban
 1389: killed by a water moccasin

You didn't know any spells.

Skills:
 Fighting Skills
   bare handed combat [Unskilled]
   two weapon combat  [Unskilled]
   riding             [Unskilled]
 Weapon Skills
   dagger             [Basic]
   axe                [Unskilled]
   pick-axe           [Unskilled]
   short sword        [Unskilled]
   broadsword         [Unskilled]
   long sword         [Unskilled]
   two-handed sword   [Unskilled]
   saber              [Unskilled]
   hammer             [Unskilled]
   quarterstaff       [Unskilled]
   polearms           [Unskilled]
   spear              [Basic]
   trident            [Unskilled]
   lance              [Unskilled]
   sling              [Unskilled]
 Spellcasting Skills
   attack spells      [Unskilled]
   escape spells      [Unskilled]

Voluntary challenges:
 Character rerolling was not enabled.
 You never genocided any monsters.
 You never polymorphed an object.
 You never changed form.
 You used no wishes.
 You did not violate any of the special Sokoban rules.
Achievements:
 You entered a shop.
 You entered Sokoban.

 The Dungeons of Doom: levels 1 to 6
    Level 1:
    Level 2:
       An altar.
    Level 3:
       A scroll shop.
    Level 6: <- You were here.
       A fountain.
       Stairs up to Sokoban, level 5.
       Final resting place for
          you, killed by a water moccasin.
 Sokoban:
    Level 5:
       Unsolved.


Vanquished creatures:
  4 coyotes
  a red mold
  3 geckos
  2 jackals
  a fox
  a kobold
  a grid bug
  a lichen
  a kobold zombie
  2 newts
17 creatures vanquished.

No species were genocided or became extinct.

Game over:
                       ----------
                      /          \
                     /    REST    \
                    /      IN      \
                   /     PEACE      \
                  /                  \
                  |     Anarchos     |
                  |      38 Au       |
                  |   killed by a    |
                  |  water moccasin  |
                  |                  |
                  |                  |
                  |       2026       |
                 *|     *  *  *      | *
        _________)/\\_//(\/(/\)/\//\/|_)_______

Farvel Anarchos the Valkyrie...

You died in The Dungeons of Doom on dungeon level 6 with 417 points,
and 38 pieces of gold, after 1389 moves.
You were level 2 with a maximum of 25 hit points when you died.

